 Dungeon Crawl Stone Soup version 0.16.1-18-g436b03c (webtiles) character file.

79970 drasked the Severer (level 15, 80/95 HPs)
             Began as a Gargoyle Berserker on Apr 28, 2015.
             Was the Champion of Trog.
             Quit the game on level 15 of the Dungeon.
             The game lasted 00:37:15 (29336 turns).

drasked the Severer (Gargoyle Berserker)           Turns: 29336, Time: 00:37:16

Health: 80/95      AC: 34    Str: 27    XL:     15   Next: 65%
Magic:  15/15      EV:  8    Int:  3    God:    Trog [******]
Gold:   0          SH:  0    Dex: 11    Spells: 0 memorised, 14 levels left

rFire  + + .     SeeInvis .     H - +10 battleaxe of Higrieceph {chop, -Cast +Rage rC+ rN+}
rCold  + . .     Clarity  .     o - +0 plate armour
rNeg   + + .     SustAb   .     (no shield)
rPois  ∞         Gourm    .     d - +0 helmet
rElec  +         Spirit   .     c - +0 cloak
rCorr  .         Warding  .     n - +2 pair of gloves
rMut   +         Stasis   .     j - +0 pair of boots {Stlth+}
MR     +....     NoCast   +     m - amulet of Luidgh {rMut +Blink +Inv rElec rF+ Int-5}
Stlth  ..........               z - ring of protection from fire
                                Y - +2 ring of dexterity

@: flying, starving, somewhat resistant to hostile enchantments, extremely
unstealthy
A: able to fly continuously, big wings, negative energy resistance 1,
electricity resistance, unbreathing, petrification resistance, rot immunity, AC
+11
a: Stop Flying, Burn Spellbooks, Berserk, Trog's Hand, Brothers in Arms,
Renounce Religion, Evoke Blink, Evoke Berserk Rage, Evoke Invisibility


You were on level 15 of the Dungeon.
You worshipped Trog.
Trog was exalted by your worship.
You were starving.

You visited 3 branches of the dungeon, and saw 26 of its levels.
You also visited: Sewer.


Innate Abilities, Weirdness & Mutations

You are resistant to torment.
You are immune to poison.
You can fly continuously.
Your stone body is very resilient (AC +11).
Your wings are large and strong.
You resist negative energy.
You are resistant to electric shocks.
You can survive without breathing.
You are immune to petrification.
You are immune to rotting.


   Skills:
 + Level 11.3 Fighting
 - Level 20.0 Axes
 - Level 11.4 Armour
 - Level 1.5 Dodging


You had 14 spell levels left.
You didn't know any spells.

Inventory:

Hand weapons
 H - the +10 battleaxe of Higrieceph (weapon) {chop, -Cast +Rage rC+ rN+}
   (Trog gifted it to you on level 11 of the Dungeon)

   It inflicts extra damage upon your enemies.
   It protects you from cold.
   It protects you from negative energy.
   It lets you go berserk.
   It prevents spellcasting.
Armour
 c - a +0 cloak (worn)
 d - a +0 helmet (worn)
 j - a +0 pair of boots of stealth (worn)
 n - a +2 pair of gloves (worn)
 o - a +0 plate armour (worn)
 J - a +1 chain mail of fire resistance
Jewellery
 b - an uncursed ring of ice
 m - the amulet of Luidgh (around neck) {rMut +Blink +Inv rElec rF+ Int-5}
   (You found it on level 6 of the Lair of Beasts)

   [amulet of resist mutation]

   It protects you from mutation.
   It affects your intelligence (-5).
   It protects you from fire.
   It insulates you from electricity.
   It lets you turn invisible.
   It lets you blink.
 z - a ring of protection from fire (right hand)
 I - an uncursed ring of fire
 Y - a +2 ring of dexterity (left hand)
Magical devices
 a - a wand of hasting (2)
 i - a wand of teleportation (5)
 x - a wand of heal wounds (5)
Scrolls
 h - 4 scrolls of remove curse
 r - 2 scrolls of identify
 s - 3 scrolls of teleportation
 B - 3 scrolls of recharging
 D - 5 scrolls of enchant weapon
Potions
 f - 4 potions of curing
 g - 2 potions of haste
 l - 2 potions of resistance
 p - 2 potions of cancellation
 q - 3 potions of restore abilities
 t - 2 potions of might
 u - 6 potions of heal wounds
Comestibles
 e - a fruit
 k - 2 slices of pizza
 v - 3 meat rations
 w - 8 bread rations
 C - 2 beef jerkies
 E - a royal jelly

Dungeon Overview and Level Annotations

Branches:
Dungeon (15/15)            Temple (0/1) D:7            Lair (8/8) D:9
 Shoals (0/5) Lair:4       Spider (0/5) Lair:3        Slime (0/6) Lair:8
    Orc (3/4) D:9          Vaults (0/5) D:13
    Elf: Orc:3-4     Depths: D:15

Altars:
Cheibriados
Dithmenos
Elyvilon
Fedhas
Gozag
Kikubaaqudgha
Qazlal
Ru
Sif Muna
Xom
Yredelemnul
The Shining One

Shops:
D:8 %   D:9 [   D:10 =!*   Orc:2 (

Annotations:
D:9 1 runed door


Message History

You closely miss the ice beast.
The ice beast is heavily wounded.
The ice beast hits you but does no damage.
You slash the ice beast!
The ice beast is almost dead.
The ice beast hits you. The ice beast freezes you. You resist.
You barely miss the ice beast.
The ice beast is almost dead.
You slice the ice beast!!
You kill the ice beast!
Trog accepts your kill.
Found 26 arrows.
You start resting.
All of the chunks of flesh in your inventory have rotted away.
You start resting.
You are starving!
Unknown command.
Are you sure you want to abandon this character and quit the game? (Confirm with "yes".)
Okay, then.
Are you sure you want to abandon this character and quit the game? (Confirm with "yes".)

#### # #..# #. #..#
#.. #..##### ##...
#......#
.......#####@.....#
..............#####
...........)).#
(............#
.............#
....######.).# #..
#.).# . #...# #...#


There were no monsters in sight!

Vanquished Creatures
  2 ettins
  4 vault guards (D:13)
  2 hydras
  Harold (Orc:2)
  3 centaur warriors
  The ghost of Alarkh the Grappler, an experienced TrCK of Xom (Lair:1)
  A death yak (Lair:7)
  A tengu warrior (D:14)
  Nergalle (D:13)
  Erolcha (D:12)
  A fire crab (Lair:8)
  8 skeletal warriors
  A deep elf summoner (D:14)
  5 hill giants
  An ugly thing (D:12)
  An orc sorcerer (Orc:3)
  2 manticores (D:14)
  24 spiny frogs
  12 elephants
  A torpor snail (Lair:6)
  5 black mambas
  2 gargoyles
  3 centaur skeletons
  2 efreet
  2 kobold demonologists
  A tengu conjurer (D:15)
  8 komodo dragons
  A yaktaur (shapeshifter) (D:13)
  A jumping spider (D:14)
  A freezing wraith (D:11)
  4 fire drakes
  2 trolls
  A polar bear (Lair:4)
  6 slime creatures
  2 boulder beetles
  3 giant leeches (Lair:8)
  A raven (D:14)
  2 spriggans
  24 blink frogs
  A shadow (D:12)
  50 yaks
  A wyvern (Lair:8)
  3 hungry ghosts
  A redback (D:14)
  4 basilisks
  4 deep elf magi
  3 hippogriffs
  13 vampire mosquitoes
  Eustachio (D:4)
  A wraith (D:14)
  A soldier ant (D:11)
  Menkaure (D:4)
  10 deep elf fighters (D:14)
  7 porcupines
  9 water moccasins
  13 orc warriors
  6 ice beasts
  3 phantoms
  7 sky beasts
  A necrophage (D:8)
  14 ogres
  A boring beetle (Lair:6)
  10 centaurs
  2 wasps (D:11)
  11 crocodiles
  15 big kobolds
  A brain worm (D:13)
  Blork the orc (D:4)
  39 giant frogs
  A gnoll sergeant (D:12)
  6 scorpions
  10 electric eels
  2 troll zombies (D:9)
  7 jellies
  26 killer bees
  15 wights
  6 centaur zombies
  3 crimson imps
  A giant frog zombie (D:5)
  2 quasits
  3 giant frog skeletons
  26 orc priests
  10 hounds
  29 orc wizards
  A spectral orc (D:13)
  11 worker ants
  11 iguanas
  8 hell rats
  23 sheep
  6 ogre zombies (D:9)
  A hound zombie (D:9)
  A hound skeleton (D:6)
  2 worker ant zombies
  Robin (D:4)
  14 gnolls
  32 adders
  71 river rats
  2 shadow imps
  4 giant mites
  3 worms
  An adder zombie (D:7)
  2 adder skeletons (D:5)
  8 giant geckos
  An ooze (Lair:8)
  112 orcs
  25 bats
  A bat skeleton (D:8)
  A bat zombie (D:2)
  11 giant cockroaches
  33 goblins
  22 hobgoblins
  16 jackals
  9 quokkas
  A giant gecko skeleton (D:5)
  12 giant newts
  2 giant spores
  3 goblin skeletons (D:9)
  2 goblin zombies (D:9)
  2 hobgoblin skeletons (D:9)
  2 hobgoblin zombies (D:9)
  A jackal skeleton (D:7)
  26 kobolds
  3 orc skeletons (D:9)
  13 orc zombies (D:9)
  A quokka skeleton (D:6)
  19 rats
  A rat zombie (D:2)
  5 ballistomycetes
  2 fungi
  17 plants
1070 creatures vanquished.

Vanquished Creatures (collateral kills)
  Nessos (D:13)
  2 death yaks (Lair:7)
  An unseen horror (D:15)
  A cyclops (D:12)
  A spiny frog (Lair:2)
  A blink frog (Lair:2)
  A slime creature (D:13)
8 creatures vanquished.

Vanquished Creatures (others)
  A hill giant (Lair:7)
  A troll (D:13)
  2 blink frogs (Lair:8)
  A giant frog (Lair:8)
  An adder (Lair:8)
  A giant spore (D:15)
  4 ballistomycetes
  6 fungi
  8 plants (Lair:8)
25 creatures vanquished.

Grand Total: 1103 creatures vanquished

Notes
Turn   | Place    | Note
--------------------------------------------------------------
     0 | D:1      | drasked, the Gargoyle Berserker, began the quest for the Orb.
     0 | D:1      | Reached XP level 1. HP: 14/14 MP: 1/1
     0 | D:1      | 0 ||| counter = 2
   184 | D:1      | Reached skill level 3 in Axes
   316 | D:1      | Reached XP level 2. HP: 19/19 MP: 2/2
   636 | D:1      | Acquired Trog's second power
   814 | D:1      | Reached XP level 3. HP: 23/23 MP: 3/3
   827 | D:1      | 827 ||| READING scroll labeled ADETHR PLAOCH.
   828 | D:1      | 828 ||| READING 3 scrolls labeled WYCLUTTESO.
   829 | D:1      | 829 ||| READING scroll labeled JAIXUH FIKLIH.
   830 | D:1      | 830 ||| DRINKING 2 bubbling brown potions.
   831 | D:1      | 831 ||| READING 2 scrolls of identify.
   831 | D:1      | 831 ||| IDENTIFYING knobbly agate ring
   832 | D:1      | 832 ||| DROPPING ring of poison resistance.
   905 | D:2      | 905 ||| INVOKING Berserk.
   907 | D:2      | Reached skill level 4 in Axes
   971 | D:2      | 971 ||| INVOKING Berserk.
   976 | D:2      | Reached XP level 4. HP: 23/28 MP: 4/4
   982 | D:2      | 982 ||| EATING 2 bread rations.
  1014 | D:2      | 1014 ||| INVOKING Berserk.
  1014 | D:2      | HP: 6/42 [gnoll/spear (7)]
  1298 | D:2      | Found a stormy altar of Qazlal.
  1392 | D:2      | Found an ancient bone altar of Kikubaaqudgha.
  1504 | D:2      | 1504 ||| INVOKING Berserk.
  1635 | D:2      | 1635 ||| EATING bread ration.
  1750 | D:2      | 1750 ||| READING scroll labeled CHIUZA REOKHAUPOE.
  1753 | D:2      | 1753 ||| READING 2 scrolls labeled PSOPOT GRIREN.
  1754 | D:2      | 1754 ||| READING scroll labeled SAXKI BIZYHEZ.
  1755 | D:2      | 1755 ||| READING scroll labeled ADOOTU MENEDU.
  1756 | D:2      | 1756 ||| READING 3 scrolls of identify.
  1756 | D:2      | 1756 ||| IDENTIFYING blackened diamond ring
  1757 | D:2      | 1757 ||| DROPPING ring of stealth.
  1758 | D:2      | 1758 ||| READING 2 scrolls of identify.
  1758 | D:2      | 1758 ||| IDENTIFYING glowing peridot amulet
  1759 | D:2      | 1759 ||| DROPPING amulet of the gourmand.
  1760 | D:2      | 1760 ||| READING scroll of identify.
  1760 | D:2      | 1760 ||| IDENTIFYING tourmaline ring
  1761 | D:2      | 1761 ||| UPGRADING to cursed +2 ring of dexterity.
  2020 | D:3      | Reached skill level 5 in Axes
  2133 | D:3      | Reached XP level 5. HP: 32/32 MP: 5/5
  2137 | D:3      | 2137 ||| INVOKING Berserk.
  2207 | D:3      | Found a glowing drain.
  2208 | D:3      | 2208 ||| Found Sewer.
  2304 | Sewer    | Entered a sewer
  2305 | Sewer    | 2305 ||| Entered Sewer.
  2388 | Sewer    | 2388 ||| Stepping ~*~*~tactically~*~*~ (water).
  2442 | Sewer    | 2442 ||| Stepping ~*~*~tactically~*~*~ (water).
  2496 | Sewer    | 2496 ||| EATING 4 fruits.
  2561 | Sewer    | 2561 ||| Stepping ~*~*~tactically~*~*~ (water).
  2792 | Sewer    | 2792 ||| UPGRADING to scale mail.
  2802 | Sewer    | 2802 ||| DROPPING +0 animal skin.
  2803 | Sewer    | 2803 ||| READING scroll labeled XICOSE WINI.
  2804 | Sewer    | 2804 ||| DRINKING 4 sedimented dark potions.
  2805 | Sewer    | 2805 ||| READING scroll of identify.
  2805 | Sewer    | 2805 ||| IDENTIFYING scratched silver ring
  2806 | Sewer    | 2806 ||| DROPPING ring of teleport control.
  2908 | D:3      | Found a shadowy altar of Dithmenos.
  2938 | D:3      | Reached XP level 6. HP: 19/37 MP: 6/6
  2940 | D:3      | 2940 ||| INVOKING Berserk.
  2942 | D:3      | Reached skill level 6 in Axes
  2949 | D:3      | 2949 ||| EATING 3 fruits.
  3328 | D:3      | 3328 ||| EATING 2 fruits.
  3455 | D:3      | 3455 ||| READING scroll labeled CROHIO CHUPAFA.
  3456 | D:3      | 3456 ||| READING 2 scrolls labeled REASOFY TILADU.
  3472 | D:4      | Found a basalt altar of Yredelemnul.
  3652 | D:4      | Acquired Trog's third power
  3672 | D:4      | Noticed Eustachio
  3687 | D:4      | 3687 ||| INVOKING Berserk.
  3695 | D:4      | Noticed Robin
  3697 | D:4      | Killed Eustachio
  3697 | D:4      | Reached skill level 7 in Axes
  3697 | D:4      | Reached XP level 7. HP: 41/41 MP: 7/7
  3704 | D:4      | Killed Robin
  3725 | D:4      | 3725 ||| EATING fruit.
  3883 | D:4      | Noticed Menkaure
  3896 | D:4      | Killed Menkaure
  4019 | D:4      | 4019 ||| INVOKING Berserk.
  4028 | D:4      | 4028 ||| EATING 2 bread rations.
  4097 | D:4      | 4097 ||| INVOKING Berserk.
  4101 | D:4      | Reached skill level 8 in Axes
  4160 | D:4      | Noticed Blork the orc
  4178 | D:4      | 4178 ||| INVOKING Berserk.
  4180 | D:4      | Killed Blork the orc
  4180 | D:4      | Reached XP level 8. HP: 22/48 MP: 8/8
  4375 | D:4      | 4375 ||| INVOKING Berserk.
  4424 | D:4      | 4424 ||| EATING bread ration.
  4532 | D:4      | 4532 ||| INVOKING Berserk.
  4710 | D:4      | 4710 ||| UPGRADING to cloak.
  4715 | D:4      | 4715 ||| UPGRADING to helmet.
  4743 | D:5      | Entered Level 5 of the Dungeon
  4744 | D:5      | 4744 ||| STAIRDANCE
  4828 | D:5      | Received a gift from Trog
  4839 | D:5      | 4839 ||| INVOKING Berserk.
  4842 | D:5      | Reached skill level 9 in Axes
  5180 | D:5      | 5180 ||| UPGRADING to war axe.
  5181 | D:5      | 5181 ||| DROPPING +1 hand axe.
  5541 | D:5      | 5541 ||| READING scroll labeled PEKILLAGOM.
  5542 | D:5      | 5542 ||| UPGRADING to runed scale mail.
  5552 | D:5      | 5552 ||| DROPPING +0 scale mail.
  5553 | D:5      | 5553 ||| UPGRADING to plate armour.
  5563 | D:5      | 5563 ||| DROPPING +2 scale mail of fire resistance.
  5584 | D:5      | 5584 ||| EATING 2 meat rations.
  5768 | D:6      | 5768 ||| READING scroll of enchant weapon.
  5768 | D:6      | 5768 ||| ENCHANTING +0 war axe.
  5888 | D:6      | Reached skill level 3 in Armour
  5960 | D:6      | Reached XP level 9. HP: 51/54 MP: 9/9
  6101 | D:6      | 6101 ||| INVOKING Berserk.
  6108 | D:6      | Reached skill level 10 in Axes
  6793 | D:6      | 6793 ||| EATING royal jelly.
  6823 | D:6      | 6823 ||| READING scroll labeled FIN LYUJOSH.
  6864 | D:6      | 6864 ||| INVOKING Berserk.
  6957 | D:7      | 6957 ||| STAIRDANCE
  7020 | D:7      | 7020 ||| INVOKING Burn Spellbooks.
  7048 | D:7      | 7048 ||| INVOKING Berserk.
  7159 | D:7      | 7159 ||| INVOKING Berserk.
  7160 | D:7      | Reached skill level 11 in Axes
  7334 | D:7      | Found a staircase to the Ecumenical Temple.
  7809 | D:7      | Reached skill level 6 in Fighting
  7809 | D:7      | Reached XP level 10. HP: 56/60 MP: 10/10
  7983 | D:7      | Found a blossoming altar of Fedhas.
  8138 | D:7      | 8138 ||| READING 3 scrolls of identify.
  8138 | D:7      | 8138 ||| IDENTIFYING bubbling dark potion
  8139 | D:7      | 8139 ||| READING 2 scrolls of identify.
  8139 | D:7      | 8139 ||| IDENTIFYING golden potion {tried by monster}
  8176 | D:8      | Reached skill level 12 in Axes
  8204 | D:8      | Found Cexa's Food Shoppe.
  8226 | D:8      | Received a gift from Trog
  8253 | D:8      | 8253 ||| INVOKING Berserk.
  8518 | D:8      | 8518 ||| INVOKING Berserk.
  8533 | D:8      | 8533 ||| EATING meat ration.
  8673 | D:8      | 8673 ||| INVOKING Berserk.
  9143 | D:8      | Found a sacrificial altar of Ru.
  9147 | D:8      | 9147 ||| UPGRADING to pair of boots.
  9152 | D:8      | 9152 ||| DRINKING 2 lumpy ruby potions.
  9153 | D:8      | 9153 ||| DRINKING 2 smoky golden potions.
  9154 | D:8      | 9154 ||| READING scroll of identify.
  9154 | D:8      | 9154 ||| IDENTIFYING golden ring
  9155 | D:8      | 9155 ||| DROPPING cursed -4 ring of strength.
  9285 | D:9      | 9285 ||| INVOKING Berserk.
  9303 | D:9      | 9303 ||| EATING 2 bread rations.
  9336 | D:9      | 9336 ||| INVOKING Berserk.
  9497 | D:9      | Found a staircase to the Orcish Mines.
  9504 | D:9      | 9504 ||| INVOKING Berserk.
  9525 | D:9      | Reached skill level 13 in Axes
  9665 | D:9      | 9665 ||| UPGRADING to battleaxe.
  9666 | D:9      | 9666 ||| DROPPING +1 war axe.
  9771 | D:9      | 9771 ||| INVOKING Berserk.
  9783 | D:9      | 9783 ||| EATING bread ration.
  9902 | D:9      | Found Ystrogoip's Antique Armour Shop.
  9914 | D:9      | Found a deep blue altar of Sif Muna.
  9916 | D:9      | Found a shadowy altar of Dithmenos.
  9966 | D:9      | Found a glowing golden altar of the Shining One.
  9975 | D:9      | 9975 ||| INVOKING Berserk.
 10115 | D:9      | Reached XP level 11. HP: 57/66 MP: 11/11
 10160 | D:9      | 10160 ||| INVOKING Berserk.
 10209 | D:9      | Received a gift from Trog
 10211 | D:9      | 10211 ||| UPGRADING to runed executioner's axe {god gift}.
 10212 | D:9      | 10212 ||| DROPPING +0 battleaxe.
 10226 | D:9      | Found a staircase to the Lair.
 10277 | D:9      | Found a runed door.
 10423 | D:9      | Found a white marble altar of Elyvilon.
 10423 | D:9      | Found a snail-covered altar of Cheibriados.
 10424 | D:9      | Found a shimmering altar of Xom.
 10502 | D:9      | 10502 ||| READING scroll labeled TREREO RUCLE.
 10503 | D:9      | 10503 ||| READING scroll labeled QUIFOO SCHOC.
 10542 | D:9      | 10542 ||| READING scroll of identify.
 10542 | D:9      | 10542 ||| IDENTIFYING wand of hasting
 10579 | D:9      | 10579 ||| EATING fruit.
 10653 | Lair:1   | Entered Level 1 of the Lair of Beasts
 10653 | Lair:1   | Noticed Alarkh's ghost (experienced TrCK)
 10654 | Lair:1   | 10654 ||| Entered L.
 10654 | Lair:1   | 10654 ||| INVOKING Brothers in Arms.
 10657 | Lair:1   | 10657 ||| INVOKING Berserk.
 10659 | Lair:1   | Killed Alarkh's ghost
 10664 | Lair:1   | 10664 ||| EATING meat ration.
 10933 | Lair:1   | Reached skill level 14 in Axes
 11001 | Lair:1   | 11001 ||| INVOKING Berserk.
 11008 | Lair:1   | 11008 ||| READING 4 scrolls of teleportation.
 11050 | Lair:1   | 11050 ||| INVOKING Berserk.
 11069 | Lair:1   | 11069 ||| READING 3 scrolls of teleportation.
 11153 | Lair:1   | 11153 ||| INVOKING Berserk.
 11459 | Lair:1   | 11459 ||| INVOKING Berserk.
 11494 | Lair:1   | 11494 ||| EATING 5 fruits.
 11814 | Lair:2   | 11814 ||| INVOKING Berserk.
 11821 | Lair:2   | 11821 ||| EATING 5 fruits.
 11906 | Lair:2   | 11906 ||| EATING 4 fruits.
 12053 | Lair:2   | 12053 ||| INVOKING Berserk.
 12060 | Lair:2   | 12060 ||| EATING 3 fruits.
 12105 | Lair:2   | 12105 ||| INVOKING Burn Spellbooks.
 12126 | Lair:2   | 12126 ||| READING 3 scrolls of teleportation.
 12134 | Lair:2   | 12134 ||| EATING 2 fruits.
 12312 | Lair:2   | 12312 ||| INVOKING Berserk.
 12317 | Lair:2   | 12317 ||| READING 2 scrolls of teleportation.
 12320 | Lair:2   | 12320 ||| EATING fruit.
 12324 | Lair:2   | 12324 ||| READING scroll of teleportation.
 12459 | Lair:2   | 12459 ||| INVOKING Berserk.
 12465 | Lair:2   | 12465 ||| INVOKING Brothers in Arms.
 12468 | Lair:2   | 12468 ||| EATING 2 meat rations.
 12495 | Lair:2   | 12495 ||| INVOKING Brothers in Arms.
 12595 | Lair:2   | 12595 ||| INVOKING Berserk.
 12884 | Lair:2   | 12884 ||| INVOKING Berserk.
 13324 | Lair:2   | 13324 ||| UPGRADING to pair of gloves.
 13329 | Lair:2   | 13329 ||| DRINKING 2 sedimented white potions.
 13433 | Lair:3   | Found a hole to the Spider Nest.
 13452 | Lair:3   | 13452 ||| EATING meat ration.
 13669 | Lair:3   | 13669 ||| INVOKING Berserk.
 13677 | Lair:3   | Reached skill level 15 in Axes
 13776 | Lair:3   | Reached XP level 12. HP: 66/73 MP: 12/12
 14269 | Lair:3   | You fall through a shaft for 2 floors!
 14277 | Lair:5   | 14277 ||| Shafted from Lair:3 to Lair:5.
 14305 | Lair:3   | 14305 ||| Successfully unshafted to Lair:3.
 14442 | Lair:3   | Received a gift from Trog
 14760 | Lair:4   | 14760 ||| STAIRDANCE
 14847 | Lair:4   | 14847 ||| INVOKING Berserk.
 15257 | Lair:4   | Found a staircase to the Shoals.
 15306 | Lair:4   | Reached skill level 16 in Axes
 15556 | Lair:4   | 15556 ||| INVOKING Berserk.
 15590 | Lair:4   | 15590 ||| READING scroll of teleportation.
 15648 | Lair:4   | 15648 ||| INVOKING Berserk.
 15943 | Lair:4   | 15943 ||| UPGRADING to shiny iron ring.
 15944 | Lair:4   | 15944 ||| REMOVING ring of ice.
 15945 | Lair:4   | 15945 ||| READING 2 scrolls labeled TUCOIBREAWK.
 15946 | Lair:4   | 15946 ||| READING scroll of enchant armour.
 15946 | Lair:4   | 15946 ||| ENCHANTING +0 pair of gloves.
 15947 | Lair:4   | 15947 ||| READING scroll labeled KHAOZX IRUGEUCO.
 15947 | Lair:4   | Identified a scroll of acquirement
 15949 | Lair:4   | 15949 ||| UPGRADING to pair of runed boots.
 15959 | Lair:4   | 15959 ||| DROPPING +0 pair of boots.
 15960 | Lair:4   | 15960 ||| READING scroll of identify.
 15960 | Lair:4   | 15960 ||| IDENTIFYING wand of heal wounds
 16241 | Lair:5   | Reached skill level 17 in Axes
 16246 | Lair:5   | Reached XP level 13. HP: 77/79 MP: 13/13
 16658 | Lair:5   | 16658 ||| INVOKING Burn Spellbooks.
 16897 | Lair:5   | Received a gift from Trog
 16905 | Lair:5   | 16905 ||| UPGRADING to runed battleaxe {god gift}.
 16906 | Lair:5   | 16906 ||| DROPPING +2 executioner's axe of venom.
 17000 | Lair:5   | 17000 ||| READING scroll labeled BRIASO GUIWKA.
 17001 | Lair:5   | 17001 ||| DRINKING 2 glowing orange potions.
 17002 | Lair:5   | 17002 ||| READING 3 scrolls of identify.
 17002 | Lair:5   | 17002 ||| IDENTIFYING coppery potion
 17003 | Lair:5   | 17003 ||| READING 2 scrolls of identify.
 17003 | Lair:5   | 17003 ||| IDENTIFYING murky green potion
 17043 | Lair:6   | 17043 ||| STAIRDANCE
 17389 | Lair:6   | Got a scorched golden amulet
 17530 | Lair:6   | 17530 ||| Stepping ~*~*~tactically~*~*~ (water).
 17690 | Lair:6   | 17690 ||| READING scroll of enchant weapon.
 17690 | Lair:6   | 17690 ||| ENCHANTING +2 antimagic battleaxe.
 17919 | Lair:6   | Received a gift from Trog
 17921 | Lair:6   | 17921 ||| UPGRADING to runed battleaxe {god gift}.
 17922 | Lair:6   | 17922 ||| DROPPING +3 antimagic battleaxe.
 18131 | Lair:6   | 18131 ||| INVOKING Berserk.
 18399 | Lair:6   | 18399 ||| UPGRADING to scorched golden amulet.
 18399 | Lair:6   | Identified the amulet of Luidgh {rMut +Blink +Inv rElec rF+ Int-5} (You found it on level 6 of the Lair of Beasts)
 18400 | Lair:6   | 18400 ||| DRINKING 2 smoky red potions.
 18419 | Lair:7   | 18419 ||| STAIRDANCE
 18424 | Lair:7   | 18424 ||| STAIRDANCE
 18436 | Lair:7   | 18436 ||| STAIRDANCE
 18442 | Lair:7   | 18442 ||| STAIRDANCE
 18576 | Lair:7   | 18576 ||| INVOKING Brothers in Arms.
 18580 | Lair:7   | 18580 ||| INVOKING Berserk.
 18588 | Lair:7   | 18588 ||| EATING 2 bread rations.
 18758 | Lair:7   | 18758 ||| INVOKING Burn Spellbooks.
 18801 | Lair:7   | Reached skill level 6 in Armour
 19042 | Lair:7   | Reached skill level 9 in Fighting
 19042 | Lair:7   | Reached skill level 18 in Axes
 19209 | Lair:7   | 19209 ||| INVOKING Brothers in Arms.
 19212 | Lair:7   | 19212 ||| INVOKING Berserk.
 19457 | Lair:8   | Entered Level 8 of the Lair of Beasts
 19621 | Lair:8   | Received a gift from Trog
 19623 | Lair:8   | 19623 ||| UPGRADING to runed battleaxe {god gift}.
 19624 | Lair:8   | 19624 ||| DROPPING +1 battleaxe of electrocution.
 19641 | Lair:8   | 19641 ||| Stepping ~*~*~tactically~*~*~ (water).
 19648 | Lair:8   | 19648 ||| Stepping ~*~*~tactically~*~*~ (water).
 19834 | Lair:8   | 19834 ||| Stepping ~*~*~tactically~*~*~ (water).
 19971 | Lair:8   | 19971 ||| INVOKING Burn Spellbooks.
 20028 | Lair:8   | Gained mutation: Your wings are large and strong. [gargoyle growth]
 20028 | Lair:8   | Reached XP level 14. HP: 86/86 MP: 14/14
 20029 | Lair:8   | 20029 ||| INVOKING Fly.
 20029 | Lair:8   | 20029 ||| FLYING.
 20099 | Lair:8   | 20099 ||| READING scroll of enchant armour.
 20099 | Lair:8   | 20099 ||| ENCHANTING +1 pair of gloves.
 20249 | Lair:8   | 20249 ||| INVOKING Berserk.
 20432 | Lair:8   | Found a staircase to the Slime Pits.
 20482 | Lair:8   | 20482 ||| INVOKING Berserk.
 20484 | Lair:8   | Reached skill level 19 in Axes
 20503 | Lair:8   | 20503 ||| INVOKING Brothers in Arms.
 20553 | Lair:8   | 20553 ||| EATING 8 fruits.
 20566 | Lair:8   | 20566 ||| INVOKING Berserk.
 20576 | Lair:8   | 20576 ||| EATING 7 fruits.
 20770 | Lair:8   | 20770 ||| EATING 6 fruits.
 20840 | Lair:8   | Received a gift from Trog
 21322 | Lair:8   | 21322 ||| UPGRADING to shiny granite ring.
 21323 | Lair:8   | 21323 ||| READING 4 scrolls of remove curse.
 21324 | Lair:8   | 21324 ||| REMOVING ring of loudness.
 21325 | Lair:8   | 21325 ||| DROPPING ring of loudness.
 21326 | Lair:8   | 21326 ||| UPGRADING to small coral ring.
 21327 | Lair:8   | 21327 ||| UPGRADING to ring of ice.
 21329 | Lair:8   | 21329 ||| READING scroll labeled CAORIE TALASE.
 21330 | Lair:8   | 21330 ||| READING 2 scrolls of identify.
 21330 | Lair:8   | 21330 ||| IDENTIFYING grey potion
 21506 | Lair:4   | 21506 ||| EATING 5 fruits.
 21691 | Orc:1    | Entered Level 1 of the Orcish Mines
 21692 | Orc:1    | 21692 ||| Entered O.
 21692 | Orc:1    | 21692 ||| STAIRDANCE
 21697 | Orc:1    | 21697 ||| STAIRDANCE
 21713 | Orc:1    | 21713 ||| STAIRDANCE
 21831 | D:9      | 21831 ||| Invisible monster not found???
 21866 | Orc:1    | 21866 ||| STAIRDANCE
 21872 | Orc:1    | 21872 ||| STAIRDANCE
 22309 | Orc:2    | Noticed Harold
 22309 | Orc:2    | Received a gift from Trog
 22319 | Orc:2    | 22319 ||| INVOKING Berserk.
 22322 | Orc:2    | Killed Harold
 22465 | Orc:2    | 22465 ||| EATING 4 fruits.
 22617 | Orc:2    | Found Zynashro's Weapon Shop.
 22723 | Orc:3    | 22723 ||| STAIRDANCE
 22739 | Orc:3    | 22739 ||| STAIRDANCE
 22755 | Orc:3    | 22755 ||| STAIRDANCE
 22774 | Orc:3    | 22774 ||| STAIRDANCE
 22864 | Orc:3    | 22864 ||| STAIRDANCE
 22875 | Orc:3    | Received a gift from Trog
 22878 | Orc:3    | 22878 ||| UPGRADING to runed battleaxe {god gift}.
 22879 | Orc:3    | 22879 ||| UPGRADING to +4 battleaxe of electrocution.
 22880 | Orc:3    | 22880 ||| DROPPING +1 battleaxe of venom.
 22899 | Orc:3    | 22899 ||| STAIRDANCE
 22906 | Orc:3    | 22906 ||| STAIRDANCE
 22908 | Orc:2    | 22908 ||| INVOKING Berserk.
 23001 | Orc:2    | 23001 ||| EATING 3 fruits.
 23107 | Orc:2    | 23107 ||| EATING 2 fruits.
 23182 | Orc:3    | 23182 ||| INVOKING Trog's Hand.
 23184 | Orc:3    | 23184 ||| INVOKING Berserk.
 23195 | Orc:3    | 23195 ||| EATING fruit.
 23357 | Orc:3    | 23357 ||| INVOKING Berserk.
 23809 | D:10     | Entered Level 10 of the Dungeon
 23825 | D:10     | Found Dagug's Distillery.
 24081 | D:10     | Found Isapitt's Jewellery Boutique.
 24295 | D:10     | Found Inolexy's Assorted Antiques.
 24739 | D:10     | 24739 ||| READING 2 scrolls of identify.
 24739 | D:10     | 24739 ||| IDENTIFYING wand of teleportation
 24805 | D:11     | 24805 ||| STAIRDANCE
 24902 | D:11     | Received a gift from Trog
 25074 | D:11     | Found a flagged portal.
 25451 | D:11     | Received a gift from Trog
 25452 | D:11     | Got a brightly glowing battleaxe {god gift}
 25453 | D:11     | 25453 ||| UPGRADING to brightly glowing battleaxe {god gift}.
 25453 | D:11     | Identified the +10 battleaxe of Higrieceph {chop, -Cast +Rage rC+ rN+} (Trog gifted it to you on level 11 of the Dungeon)
 25454 | D:11     | 25454 ||| REMOVING ring of ice.
 25455 | D:11     | 25455 ||| DROPPING +4 battleaxe of electrocution.
 25678 | D:11     | 25678 ||| UPGRADING to +2 ring of dexterity.
 25679 | D:11     | 25679 ||| READING 3 scrolls of identify.
 25679 | D:11     | 25679 ||| IDENTIFYING fuming sapphire potion
 26013 | D:12     | Noticed Erolcha
 26014 | D:12     | 26014 ||| INVOKING Trog's Hand.
 26015 | D:12     | 26015 ||| INVOKING Brothers in Arms.
 26017 | D:12     | 26017 ||| INVOKING Berserk.
 26021 | D:12     | Killed Erolcha
 26363 | D:12     | 26363 ||| DRINKING 5 potions of curing.
 26363 | D:12     | 26363 ||| (to cure confusion)
 26532 | D:12     | 26532 ||| UPGRADING to bone ring.
 26534 | D:12     | 26534 ||| REMOVING ring of fire.
 26535 | D:12     | 26535 ||| UPGRADING to +2 ring of dexterity.
 26536 | D:12     | 26536 ||| READING 2 scrolls of identify.
 26536 | D:12     | 26536 ||| IDENTIFYING amethyst potion
 26605 | D:13     | Reached skill level 20 in Axes
 26621 | D:13     | Noticed Nessos
 26622 | D:13     | 26622 ||| INVOKING Brothers in Arms.
 26628 | D:13     | Killed Nessos
 26629 | D:13     | 26629 ||| EATING 2 fruits.
 26781 | D:13     | 26781 ||| INVOKING Berserk.
 26790 | D:13     | Reached XP level 15. HP: 92/92 MP: 15/15
 26837 | D:13     | 26837 ||| INVOKING Berserk.
 26873 | D:13     | 26873 ||| EATING 4 fruits.
 26974 | D:13     | Found a gate to the Vaults.
 26985 | D:13     | Reached skill level 9 in Armour
 27192 | D:13     | Received a gift from Trog
 27247 | D:13     | Noticed Nergalle
 27257 | D:13     | Killed Nergalle
 27639 | D:13     | 27639 ||| UPGRADING to glowing hat.
 27649 | D:13     | 27649 ||| UPGRADING to +0 helmet.
 27659 | D:13     | 27659 ||| DROPPING +0 hat of magic resistance.
 27660 | D:13     | 27660 ||| UPGRADING to runed chain mail.
 27670 | D:13     | 27670 ||| UPGRADING to +0 plate armour.
 27680 | D:13     | 27680 ||| UPGRADING to pearl ring.
 27682 | D:13     | 27682 ||| REMOVING +3 ring of intelligence.
 27683 | D:13     | 27683 ||| DROPPING +3 ring of intelligence.
 27684 | D:13     | 27684 ||| UPGRADING to +2 ring of dexterity.
 27687 | D:13     | 27687 ||| DROPPING 7 silver tomahawks.
 27688 | D:13     | 27688 ||| DROPPING 5 tomahawks.
 27733 | D:14     | 27733 ||| STAIRDANCE
 27744 | D:14     | 27744 ||| STAIRDANCE
 27823 | D:14     | Found an opulent altar of Gozag.
 27829 | D:14     | Received a gift from Trog
 27927 | D:14     | 27927 ||| DRINKING 5 potions of curing.
 27927 | D:14     | 27927 ||| (to cure confusion)
 27928 | D:14     | Received a gift from Trog
 27940 | D:14     | 27940 ||| DRINKING 4 potions of curing.
 27940 | D:14     | 27940 ||| (to cure confusion)
 28082 | D:14     | 28082 ||| INVOKING Berserk.
 28637 | D:14     | 28637 ||| EATING 3 fruits.
 28802 | D:15     | Entered Level 15 of the Dungeon
 28806 | D:15     | 28806 ||| STAIRDANCE
 28911 | D:14     | 28911 ||| Invisible monster not found???
 28913 | D:15     | 28913 ||| STAIRDANCE
 29026 | D:14     | 29026 ||| Invisible monster not found???
 29034 | D:15     | 29034 ||| INVOKING Brothers in Arms.
 29035 | D:15     | 29035 ||| INVOKING Berserk.
 29043 | D:15     | 29043 ||| EATING 2 fruits.
 29336 | D:15     | Quit the game

Vault maps used:
D:1:      wheals_arrival_linesprint
D:2:      lemuel_zombie_altar_kikubaaqudgha, old_standard_altar
D:3:      portal_sewer_entry_f, first_bread, minmay_misc_feat_tiny,
          grunt_decor_cap, grunt_dithmenos_smoke
D:4:      overflow_temple_1_default, uniq_eustachio, uniq_menkaure, uniq_robin,
          uniq_blork_the_orc
D:6:      minmay_misc_feat_pillars, corexii_corridor_pit,
          kennysheep_small_circle
D:7:      fedhas_altar_2, temple_doors_e
D:8:      nicolae_ru_path_of_blood, serial_shops, shop
D:9:      gammafunk_temple_overflow_claw, gammafunk_temple_overflow_forgotten,
          minmay_lair_entry_lava, zombieorc2_lemuel, serial_shops,
          nicolae_shop_overgrown_old_shop, wad_hexagon
D:10:     serial_shops, shop, shop, kennysheep_little_box
D:11:     enter_bailey_3
D:12:     uniq_erolcha
D:13:     lightli_vaults_fourway_checkpoint, uniq_nergalle, uniq_nessos
D:14:     basic_altar, the_bakery, elves_outpost_lemuel
D:15:     hangedman_depths_entry_civil_slaughter, grunt_decor_fettered, tgw_xom
Lair:1:   lemuel_fruit_fields
Lair:2:   grunt_megastairs_2
Lair:3:   dummy_spider_entry
Lair:4:   shoals_dummy_entry, beast_lair_carwin_5
Lair:5:   minivault_25
Lair:6:   nicolae_quartered_pool_medium, grunt_forest_large_clearing_hut
Lair:7:   minmay_holes
Lair:8:   minmay_lair_end_frog_pond, nicolae_slime_entry_slimehenge,
          lab_entry_generic, serial_bayou_pond_b, infiniplex_staircase_pool,
          lemuel_fruit_tree
Orc:2:    serial_shops, nicolae_shop_statue_plus, special_room, uniq_harold,
          uniq_maurice, uniq_fannar
Orc:3:    basic_altar, nicolae_orc_pool_cavern, nicolae_orc_lava_room
Sewer:    sewer_fruit_machine

Action                   |  1- 3 |  4- 6 |  7- 9 | 10-12 | 13-15 || total
-------------------------+-------+-------+-------+-------+-------++-------
Melee: Hand axe          |    88 |   313 |   204 |       |       ||   605
       War axe           |       |       |   259 |   236 |       ||   495
       Battleaxe         |       |       |       |    43 |  1148 ||  1191
       Executioner's axe |       |       |       |   305 |    18 ||   323
Throw: Tomahawk          |       |       |    42 |   154 |   338 ||   534
       Javelin           |       |       |       |    75 |    78 ||   153
Invok: Berserk           |     2 |     5 |    10 |    24 |    15 ||    56
       Burn Spellbooks   |       |       |     1 |     1 |     3 ||     5
       Brothers in Arms  |       |       |       |     3 |     6 ||     9
       Trog's Hand       |       |       |       |       |     2 ||     2
 Abil: Fly               |       |       |       |       |     1 ||     1
  Use: Scroll            |     4 |    11 |     3 |    16 |    11 ||    45
       Potion            |     1 |     1 |       |     3 |     5 ||    10
 Stab: Distracted        |       |       |       |       |     1 ||     1
  Eat: Chunk             |     1 |     3 |     8 |    18 |    43 ||    73
       Bread ration      |       |     2 |     2 |     2 |     1 ||     7
       Fruit             |       |     3 |     1 |     7 |    12 ||    23
       Meat ration       |       |       |     1 |     4 |       ||     5
       Royal jelly       |       |       |     1 |       |       ||     1
